 Dungeon Crawl Stone Soup version 0.13.0-29-gdb529de (webtiles) character file.

219 Chiseanne the Ruffian (level 5, -12/43 (44) HPs)
             Began as a Ghoul Monk on Nov 15, 2013.
             Was a Believer of Okawaru.
             Killed by divine providence
             ... invoked by an orc priest
              (15 damage)
             ... on Level 3 of the Dungeon.
             The game lasted 00:11:17 (2653 turns).

Chiseanne the Ruffian (Ghoul Monk)                  Turns: 2653, Time: 00:11:18

HP -12/43 (44)   AC 12     Str 15      XL: 5   Next: 23%
MP   3/3         EV  6     Int  6      God: Okawaru [**....]
Gold 79          SH  0     Dex 10 (11) Spells:  0 memorised,  4 levels left

Res.Fire  : . . .   See Invis. : .   j - +3,+1 elf falchion
Res.Cold  : + . .   Warding    : .   i - +4 orc chain mail {MR+}
Life Prot.: + + +   Conserve   : .   (no shield)
Res.Poison: +       Res.Corr.  : .   (no helmet)
Res.Elec. : .       Clarity    : .   (no cloak)
Sust.Abil.: . .     Spirit.Shd : .   (no gloves)
Res.Mut.  : .       Stasis     : .   (no boots)
Res.Rott. : +       Flight     : .   (no amulet)
Saprovore : + + +                    (no ring)
                                     (no ring)

@: rotting, somewhat resistant to hostile enchantments, extremely unstealthy
A: rotting body, claws 1, carnivore 3, cold resistance 1, life protection 3,
poison resistance, saprovore 3, slow healing 1, torment resistance, unbreathing
a: Heroism, Renounce Religion


You were on level 3 of the Dungeon.
You worshipped Okawaru.
Okawaru was pleased with you.
You were not hungry.

You visited 1 branch of the dungeon, and saw 3 of its levels.

You collected 79 gold pieces.

Inventory:

Hand weapons
 j - a +3,+1 elven falchion (weapon)
Armour
 i - a +4 orcish chain mail of magic resistance (worn)
Comestibles
 f - 2 meat rations
Scrolls
 b - a scroll of curse armour {unknown}
 c - a scroll of recharging
 d - a scroll of remove curse
 e - 3 scrolls of identify
 h - a scroll of enchant weapon I {unknown}
Potions
 g - a potion of flight


   Skills:
 * Level 4.3 Fighting
 * Level 1.6 Armour
 * Level 4.1 Dodging
 - Level 2.1 Stealth
 - Level 4.3 Unarmed Combat
 * Level 0.2 Invocations


You had 4 spell levels left.
You didn't know any spells.

Dungeon Overview and Level Annotations

Branches:
Dungeon (3/27)

Altars:
Fedhas
Okawaru


Innate Abilities, Weirdness & Mutations

Your body is rotting away.
You have sharp fingernails.
You are carnivorous and can eat meat at any time.
Your flesh is cold resistant.
You are immune to negative energy.
Your system is resistant to poisons.
You thrive on rotten meat.
You heal slowly.
You are immune to unholy pain and torment.
You can survive without breathing.


Message History

The orc hits you. The orc priest barely misses you.
You slash the orc priest!
The orc priest is severely wounded.
The orc hits you but does no damage.
The orc priest invokes the aid of Beogh against you.
You resist.
The orc priest hits you but does no damage.
The orc barely misses you.
You hit the orc priest.
The orc priest is almost dead.
The orc hits you but does no damage. The orc priest closely misses you.
The orc priest calls down the wrath of Beogh upon you.
Something smites you!
* * * LOW HITPOINT WARNING * * *
You hit the orc priest but do no damage.
The orc priest is almost dead.
The orc hits you but does no damage.
The orc priest invokes the aid of Beogh against you.
Something smites you!
You die...

#..# #.####..#####.
#.............#
#########..########
###...................
.....#######...##.###
###.<# #...##.#
#..#######..(##o###.#
#.)#.........o@)....#
#..#.######..#.####.#
#.># #..#.### #..#
#####...o..# #.>#
#..........##!#. #..#
#............... #...
#..###.....#.#.. ....
$... #.....#...
#.....## ...#.### .


You could see 2 orc priests and an orc.

Vanquished Creatures
  Ijyb (D:2)
  Terence (D:1)
  5 adders
  A giant mite (D:1)
  An orc (D:3)
  4 giant cockroaches
  6 goblins
  11 hobgoblins
  2 quokkas (D:2)
  A ball python (D:1)
  9 bats
  4 giant newts
  3 jackals (D:2)
  8 kobolds
  8 rats
65 creatures vanquished.

Notes
Turn   | Place    | Note
--------------------------------------------------------------
     0 | D:1      | Chiseanne, the Ghoul Monk, began the quest for the Orb.
     0 | D:1      | Reached XP level 1. HP: 17/17 MP: 0/0
   184 | D:1      | Reached XP level 2. HP: 19/24 MP: 1/1
   659 | D:1      | Reached XP level 3. HP: 30/30 MP: 2/2
  1248 | D:2      | Reached XP level 4. HP: 21/38 MP: 2/2
  1250 | D:2      | Noticed Terence
  1494 | D:1      | Killed Terence
  1681 | D:2      | Reached skill level 1 in Armour
  1726 | D:2      | Noticed Ijyb
  1764 | D:2      | Killed Ijyb
  1789 | D:2      | Found a blossoming altar of Fedhas.
  2283 | D:2      | Found an iron altar of Okawaru.
  2307 | D:2      | Became a worshipper of Warmaster Okawaru
  2307 | D:2      | Acquired Okawaru's first power
  2347 | D:2      | Reached XP level 5. HP: 44/44 MP: 3/3
  2653 | D:3      | Killed from afar by an orc priest

Action                   |  1- 3 |  4- 6 || total
-------------------------+-------+-------++-------
Melee: Unarmed           |   110 |   122 ||   232
       Dagger            |       |    82 ||    82
       Falchion          |       |    12 ||    12
  Use: Scroll            |       |     6 ||     6
       Potion            |       |     5 ||     5
